 Dungeon Crawl Stone Soup version 0.27.1 (webtiles) character file.

Game seed: 3297704130245101090

970 nxtlvl the Grappler (level 7, -6/66 HPs)
             Began as a Troll Abyssal Knight on Sept 4, 2021.
             Was a Priest of Lugonu.
             Shot with an arrow by a centaur (10 damage)
             ... on level 6 of the Dungeon.
             The game lasted 00:07:25 (1062 turns).

nxtlvl the Grappler (Troll Abyssal Knight)          Turns: 1062, Time: 00:07:26

Health: -6/66      AC:  4    Str: 21      XL:     7   Next: 94%
Magic:  7/7        EV:  9    Int:  9 (10) God:    Lugonu [***...]
Gold:   144        SH:  0    Dex:  7 (9)  Spells: 6/6 levels left

rFire    . . .     SeeInvis .     - Unarmed
rCold    . . .     Faith    .   (no shield)
rNeg     . . .     Spirit   .   a - +0 robe
rPois    .         Reflect  .   (helmet restricted)
rElec    .         Harm     .   (no cloak)
rCorr    .         Rampage  .   (gloves unavailable)
Will     .....                  (boots unavailable)
Stlth    +.........             (no amulet)
HPRegen  1.21/turn              (no ring)
MPRegen  0.10/turn              (no ring)

@: no status effects
A: large, unfitting armour, claws 3, regeneration 1, shaggy fur 1, tough skin 1
a: Renounce Religion, Depart the Abyss, Bend Space, Banish


You were on level 6 of the Dungeon.
You worshipped Lugonu.
Lugonu was most pleased with you.
You visited 1 branch of the dungeon, and saw 6 of its levels.
You visited the Abyss 1 time.

You collected 144 gold pieces.

Inventory:

Hand Weapons
 g - a +0 hunting sling
Missiles
 i - 3 datura-tipped darts
Armour
 a - a +0 robe (worn)
Wands
 l - a wand of flame (19)
Scrolls
 d - a scroll of fog {unknown}
 j - a scroll of identify {unknown}
 k - a scroll of fear {unknown}
Potions
 e - a potion of haste {unknown}
 f - a potion of mutation {unknown}
 h - a potion of curing {unknown}
 m - a potion of brilliance {unknown}
 n - a potion of heal wounds {unknown}


   Skills:
 - Level 2.4 Fighting
 - Level 1.9 Dodging
 * Level 9.4 Unarmed Combat
 - Level 1.5 Invocations


You had 6 spell levels left.
You didn't know any spells.
Your spell library was empty.

Dungeon Overview and Level Annotations

Branches:
Dungeon (6/15)
 Temple: D:4-7

Altars:
Fedhas


Innate Abilities, Weirdness & Mutations

You are too large for most types of armour.
You have claws for hands.
Your natural rate of healing is unusually fast.
You are covered in fur. (AC +1)
You have tough skin. (AC +1)


Message History

The centaur warrior zombie hits you but does no damage.
The centaur warrior zombie kicks you but does no damage.
Something hits you but does no damage.
You hit the centaur warrior zombie but do no damage.
The centaur warrior zombie is almost destroyed.
The centaur warrior zombie hits you but does no damage.
The centaur warrior zombie kicks you but does no damage.
You hear some strange, mumbled words.
A magic dart appears from out of thin air!
The magic dart hits you but does no damage.
You pummel the centaur warrior zombie!!
You destroy the centaur warrior zombie!
Lugonu accepts your kill.
The centaur shoots an arrow.
Reactivating autopickup.
You feel your strength returning.
You feel your dexterity returning.
Your Unarmed Combat skill increases to level 9!
You cannot move.
The centaur shoots an arrow.
The arrow hits you but does no damage.
The centaur shoots an arrow.
The arrow hits you.
* * * LOW HITPOINT WARNING * * *
Unknown command.
The centaur shoots an arrow.
The arrow hits you!
* * * LOW HITPOINT WARNING * * *
Unknown command.
The centaur shoots an arrow.
The arrow completely misses you.
The centaur shoots an arrow.
The arrow hits you.
* * * LOW HITPOINT WARNING * * *
Unknown command.
Unknown command.
The centaur shoots an arrow.
The arrow hits you but does no damage.
Unknown command.
You cannot move.
You cannot move.
You feel less wooden.
Your +0 robe unmelds from your body.
The centaur shoots an arrow.
The arrow hits you.
* * * LOW HITPOINT WARNING * * *
The centaur shoots an arrow.
The arrow hits you!
You die...

###### .....# .#
#.#################### <#
#...........)@)c{oo.[.
.###.........#.#####Y.###
.....#########.# # .#.###
#.# .#.# #.# ...# #.#
##.# #.# #.# #.. #.# ###


You could see an ice beast, a centaur and 2 orcs.

Vanquished Creatures
  A centaur zombie (D:6)
  An ogre (D:6)
  A bullfrog (D:6)
  A scorpion (D:2)
  A water moccasin skeleton (D:2)
  A jelly (D:5)
  An orc priest (D:3)
  A hound (D:4)
  An iguana (D:6)
  Terence (D:2)
  Natasha (thrice) (D:2)
  An orc wizard (D:3)
  A hound skeleton (D:4)
  Robin (D:2)
  4 adders
  An ufetubus (D:6)
  2 worms
  4 orcs
  4 endoplasms
  A giant cockroach (D:2)
  7 hobgoblins
  5 quokkas
  3 ball pythons
  5 bats
  A frilled lizard (D:3)
  12 goblins
  A kobold (D:2)
  3 rats
69 creatures vanquished.

Vanquished Creatures (others)
  An orc wizard (D:6)
  An adder (D:6)
2 creatures vanquished.

Grand Total: 71 creatures vanquished

Notes
Turn   | Place    | Note
-------+----------+-------------------------------------------
     0 | Abyss:1  | nxtlvl the Troll Abyssal Knight began the quest for the
                  | Orb.
     0 | Abyss:1  | Reached XP level 1. HP: 22/22 MP: 1/1
    23 | D:1      | Escaped the Abyss
   119 | D:2      | Reached XP level 2. HP: 29/29 MP: 2/2
   220 | D:2      | Noticed Natasha
   225 | D:2      | Killed Natasha
   226 | D:2      | Reached skill level 3 in Unarmed Combat
   226 | D:2      | Reached XP level 3. HP: 31/36 MP: 3/3
   251 | D:2      | Noticed Robin
   262 | D:2      | Reached ** piety under Lugonu
   277 | D:2      | Killed Robin
   278 | D:2      | Reached skill level 4 in Unarmed Combat
   290 | D:2      | Reached XP level 4. HP: 35/44 MP: 4/4
   310 | D:2      | Found a blossoming altar of Fedhas.
   375 | D:2      | Reached skill level 5 in Unarmed Combat
   533 | D:2      | Noticed Terence
   540 | D:2      | Killed Terence
   541 | D:2      | Reached XP level 5. HP: 37/50 MP: 5/5
   553 | D:2      | Noticed Natasha
   561 | D:2      | Killed Natasha
   608 | D:2      | Reached skill level 6 in Unarmed Combat
   656 | D:2      | Noticed Natasha
   662 | D:2      | Killed Natasha
   796 | D:3      | Reached XP level 6. HP: 59/59 MP: 6/6
   859 | D:4      | Reached *** piety under Lugonu
   879 | D:4      | Reached skill level 7 in Unarmed Combat
   884 | D:5      | Entered Level 5 of the Dungeon
  1040 | D:6      | Noticed an ice beast
  1046 | D:6      | Reached skill level 8 in Unarmed Combat
  1046 | D:6      | Reached XP level 7. HP: 12/66 MP: 7/7
  1058 | D:6      | Reached skill level 9 in Unarmed Combat
  1062 | D:6      | Shot with an arrow by a centaur

Illustrated notes

Levels and vault maps discovered:
D:1:      psy_arrival_whirlpool, layout_basic,
          chequers_ecumenical_altar_simple_redux
D:2:      layout_basic, basic_altar, minmay_tetromino_i4, uniq_terence,
          uniq_robin, uniq_natasha
D:3:      minmay_wonky_spiral, layout_basic, supply_closet_lemuel
D:4:      layout_basic, minmay_temple_entry_sparse_star, serial_bayou_lagoon_a,
          columned_hall_lemuel
D:5:      layout_loops_ring, serial_shops, shop, minmay_liquid_box
D:6:      layout_loops_ring, lemuel_tele_altar, kennysheep_generic_room_9,
          uniq_menkaure

Skill      XL: |  1  2  3  4  5  6  7 |
---------------+----------------------+-----
Unarmed Combat | 3 4 5 6 8 9 |  9.4
Fighting       | |  2.4
Dodging        | |  1.9
Invocations    | |  1.5

Action                   |  1- 3 |  4- 6 |  7- 9 || total
-------------------------+-------+-------+-------++-------
Melee: Unarmed           |    62 |   121 |    10 ||   193
       Punch             |     2 |     3 |       ||     5
  Use: Potion            |       |       |     2 ||     2
Armor: Robe              |     7 |    41 |     1 ||    49
       Skin              |       |       |    33 ||    33
Dodge: Dodged            |    21 |    53 |     3 ||    77
